Canadiens vs Senators

Created - November-08-14 at 10:25

Goals
1 2 3 OT1 T
Canadiens 1 0 1 1 3
Senators 2 0 0 0 2
Shots
1 2 3 OT1 T
Canadiens 10 14 10 1 35
Senators 12 11 5 0 28

1st period

1. Canadiens , Chris Kunitz 3 (Alexander Edler) at 4:30 (PP)
2. Senators , Gustav Nyquist 6 (Sidney Crosby, Jared Cowen) at 4:51
3. Senators , Gustav Nyquist 7 (Christian Ehrhoff, James Neal) at 7:55

Penalties :
Anton Volchenkov (MTL) for Cross-checking (Minor) at 0:32, James Wisniewski (OTT) for Holding (Minor) at 3:21, Christian Ehrhoff (OTT) for Slashing (Minor) at 5:14, Alexander Edler (MTL) for Tripping (Minor) at 12:55

2nd period

No Goal

Penalties :
James Wisniewski (OTT) for Hooking (Minor) at 5:19, Cam Fowler (MTL) for Roughing (Minor) at 8:28, Anton Volchenkov (MTL) for Diving (Minor) at 15:25, Jan Hejda (OTT) for Roughing (Minor) at 18:07

3rd period

4. Canadiens , Jordan Eberle 3 (Alexander Steen, Chris Kunitz) at 3:06

Penalties :
Radko Gudas (MTL) for Hooking (Minor) at 13:45

Overtime #1

5. Canadiens , Jordan Eberle 4 (Cam Fowler, Duncan Keith) at 0:12

Penalties :
No Penalty

Goalie Stats

Al Montoya (MTL), 26 saves from 28 shots - (0.929), W, 3-3-1, 60:13 minutes
Carey Price (OTT), 32 saves from 35 shots - (0.914), OTL, 11-2-1, 60:13 minutes

Players Stats for Canadiens

Player Name              G  A  P  +/- PIM S  H  SB GA TA FO     MP     PP MP  PK MP  
------------------------------------------------------------------------------------
Alexander Edler          0  1  1   0  2   0  1  0  0  0  0/0    22:48   2:50   3:46 
Alexander Killorn        0  0  0   0  0   1  2  0  0  0  7/20   14:03   2:08   0:37 
Alexander Steen          0  1  1   1  0   1  1  0  0  0  6/13   25:47   3:47   3:42 
Anton Volchenkov         0  0  0   0  4   1  1  1  0  0  0/0    18:26   0:00   2:15 
Brenden Morrow           0  0  0  -2  0   1  1  0  0  0  0/0     9:15   0:00   0:16 
Cam Fowler               0  1  1   0  2   5  1  4  0  0  0/0    25:47   4:16   5:00 
Chris Kunitz             1  1  2   1  0   5  7  0  0  0  2/3    23:31   3:19   5:57 
Duncan Keith             0  1  1   0  0   1  0  0  0  0  0/0    25:40   4:16   4:52 
Eric Gelinas             0  0  0   0  0   2  0  0  0  0  0/0    13:17   2:50   0:00 
Jonathan Toews           0  0  0   1  0   2  1  0  0  0  17/30  21:21   3:47   6:54 
Jordan Eberle            2  0  2   2  0   10 0  0  0  0  0/2    17:47   3:19   0:00 
Martin Erat              0  0  0  -2  0   2  0  0  0  0  0/0     8:59   0:00   0:00 
Mason Raymond            0  0  0   0  0   0  2  0  0  0  1/1    14:14   3:47   0:00 
Nino Niederreiter        0  0  0   0  0   1  3  0  0  0  1/1     9:18   0:00   0:00 
Patrik Elias             0  0  0   0  0   1  0  0  0  0  3/8     5:35   1:11   0:00 
Radko Gudas              0  0  0   0  2   0  2  1  0  0  0/0    14:23   0:00   3:57 
Saku Koivu               0  0  0  -2  0   2  0  0  0  0  6/10   11:23   0:00   2:24 
Sven Baertschi           0  0  0   0  0   0  0  0  0  0  0/0     9:18   0:00   0:00 

Players Stats for Senators

Player Name              G  A  P  +/- PIM S  H  SB GA TA FO     MP     PP MP  PK MP  
------------------------------------------------------------------------------------
Alec Martinez            0  0  0   1  0   1  6  1  0  0  0/0    19:50   5:03   2:12 
Alex Chiasson            0  0  0   0  0   0  0  0  0  0  0/1     7:56   0:00   0:00 
Brooks Orpik             0  0  0  -1  0   0  3  0  0  0  0/0    13:43   0:00   3:30 
Christian Ehrhoff        0  1  1   0  2   1  0  0  0  0  0/0    17:39   4:52   0:00 
Dave Bolland             0  0  0  -1  0   4  0  0  0  0  12/23  20:09   5:13   2:15 
Erik Gustafsson          0  0  0   1  0   1  0  0  0  0  0/0     8:30   4:52   0:00 
Gustav Nyquist           2  0  2   1  0   3  0  0  0  0  0/2    20:45   5:13   0:00 
James Neal               0  1  1   0  0   5  1  0  0  0  0/1    21:23   4:42   0:00 
James Wisniewski         0  0  0  -1  4   1  0  2  0  0  0/0    23:57   5:03   2:10 
Jan Hejda                0  0  0   0  2   1  0  1  0  0  0/0    19:14   0:00   2:42 
Jared Cowen              0  1  1   0  0   0  2  1  0  0  0/0    17:29   0:00   3:38 
Joffrey Lupul            0  0  0   0  0   0  2  0  0  0  0/0    13:09   5:13   0:00 
Mark Stone               0  0  0   0  0   0  0  0  0  0  1/1     6:07   0:00   0:00 
Matt Moulson             0  0  0   0  0   0  0  1  0  0  1/2    12:28   0:00   0:00 
Mika Zibanejad           0  0  0   0  0   1  0  0  0  0  8/16   18:54   0:00   4:51 
Pavel Datsyuk            0  0  0   0  0   4  0  1  0  0  4/10   21:37   4:42   3:31 
Sidney Crosby            0  1  1   1  0   4  2  0  0  0  19/31  21:10   4:42   0:00 
Travis Moen              0  0  0   0  0   2  0  1  0  0  0/1     9:42   0:00   3:35 

3 Stars

1 - Chris Kunitz (MTL)
2 - Jordan Eberle (MTL)
3 - Gustav Nyquist (OTT)

Power Play

Canadiens - 1 on 4 Attempt(s) - 25.00%
Senators - 0 on 5 Attempt(s) - 0.00%

Penalty Kill

Canadiens - 5 on 5 Attempt(s) - 100.00% - Score 0 goal in Penalty Kill
Senators - 3 on 4 Attempt(s) - 75.00% - Score 0 goal in Penalty Kill

Official

Referees : Ghislain Hebert and Gord Dwyer
Linesman : Shane Heyer and Darren Gibbs

Game Notes

Patrik Elias is injured at 3:04 of 2nd period (Sore Right Knee)

Finance

Level 1 -- Attendance: 6403 (98.51%) -- Ticket Income $640,300
Level 2 -- Attendance: 5000 (100.00%) -- Ticket Income $300,000
Level 3 -- Attendance: 3500 (100.00%) -- Ticket Income $122,500
Level 4 -- Attendance: 2873 (91.12%) -- Ticket Income $86,190
Luxury Box -- Attendance: 672 (67.20%) -- Ticket Income $168,000
Game was played at the Canadian Tire Centre
Total Attendance: 18448 (96.32%)
Total Ticket Income: $1,316,990
Other Income: $197,548
Total Income: $1,514,538

% Time on Ice - Canadiens

Lines # - Real PCT - Wanted PCT - Time Play
Normal Forward
1 - 24% - 33% - 10:27
2 - 33% - 32% - 14:15
3 - 22% - 18% - 9:18
4 - 21% - 17% - 8:59
Normal Defense
1 - 38% - 37% - 16:19
2 - 38% - 36% - 16:13
3 - 13% - 14% - 5:41
4 - 11% - 13% - 4:46
PP Forward
1 - 53% - 60% - 3:47
2 - 47% - 40% - 3:19
PP Defense
1 - 60% - 60% - 4:16
2 - 40% - 40% - 2:50
PK Forward
1 - 76% - 60% - 7:31
2 - 24% - 40% - 2:24
PK Defense
1 - 49% - 60% - 4:52
2 - 51% - 40% - 5:03
PK3 Forward
1 - 0% - 60%
2 - 0% - 40%
PK3 Defense
1 - 0% - 60%
2 - 0% - 40%
44 Forward
1 - 100% - 60% - 0:13
2 - 0% - 40% - 0:00
44 Defense
1 - 100% - 60% - 0:13
2 - 0% - 40% - 0:00
Last Minute Offensive  - 0:00
Last Minute Defensive  - 0:00
Total
Forward - 60:13
Defense - 60:13

% Time on Ice - Senators

Lines # - Real PCT - Wanted PCT - Time Play
Normal Forward
1 - 38% - 40% - 16:28
2 - 29% - 30% - 12:28
3 - 18% - 20% - 7:56
4 - 14% - 10% - 6:07
Normal Defense
1 - 39% - 38% - 16:33
2 - 29% - 32% - 12:35
3 - 24% - 20% - 10:13
4 - 8% - 10% - 3:38
PP Forward
1 - 47% - 50% - 4:42
2 - 53% - 50% - 5:13
PP Defense
1 - 51% - 50% - 5:03
2 - 49% - 50% - 4:52
PK Forward
1 - 50% - 50% - 3:35
2 - 50% - 50% - 3:31
PK Defense
1 - 51% - 50% - 3:36
2 - 49% - 50% - 3:30
PK3 Forward
1 - 0% - 50%
2 - 0% - 50%
PK3 Defense
1 - 0% - 50%
2 - 0% - 50%
44 Forward
1 - 100% - 52% - 0:13
2 - 0% - 48% - 0:00
44 Defense
1 - 100% - 52% - 0:13
2 - 0% - 48% - 0:00
Last Minute Offensive  - 0:00
Last Minute Defensive  - 0:00
Total
Forward - 60:13
Defense - 60:13

Play by Play

1st period


0:01 of 1st period - Jonathan Toews wins face-off versus Sidney Crosby in neutral zone.
0:20 of 1st period - Shot by Sidney Crosby.
0:20 of 1st period - Shot Blocked by Cam Fowler.
0:24 of 1st period - Shot by Sidney Crosby.
0:24 of 1st period - Deflect By James Neal.
0:24 of 1st period - Stopped by Al Montoya without a rebound.
0:25 of 1st period - Pavel Datsyuk wins face-off versus Patrik Elias in Canadiens zone.
0:25 of 1st period - Pavel Datsyuk is hit by Alexander Edler.
0:32 of 1st period - Minor Penalty to Anton Volchenkov for Cross-checking.
0:33 of 1st period - Sidney Crosby wins face-off versus Jonathan Toews in Canadiens zone.
0:38 of 1st period - Shot by Christian Ehrhoff.
0:38 of 1st period - Shot Blocked by Cam Fowler.
1:02 of 1st period - Shot by Erik Gustafsson.
1:02 of 1st period - Stopped by Al Montoya with a rebound.
1:08 of 1st period - Shot by Sidney Crosby.
1:08 of 1st period - Shot Blocked by Radko Gudas.
1:10 of 1st period - Shot by Christian Ehrhoff.
1:10 of 1st period - Stopped by Al Montoya without a rebound.
1:11 of 1st period - Dave Bolland wins face-off versus Jonathan Toews in Canadiens zone.
1:28 of 1st period - Shot by Dave Bolland.
1:28 of 1st period - Stopped by Al Montoya without a rebound.
1:29 of 1st period - Jonathan Toews wins face-off versus Dave Bolland in Canadiens zone.
1:39 of 1st period - Icing by James Wisniewski.
1:40 of 1st period - Chris Kunitz wins face-off versus Dave Bolland in Senators zone.
1:41 of 1st period - Shot by Jonathan Toews.
1:41 of 1st period - Shot Misses the Net.
1:46 of 1st period - Off-side.
1:47 of 1st period - Saku Koivu wins face-off versus Sidney Crosby in neutral zone.
3:21 of 1st period - Minor Penalty to James Wisniewski for Holding.
3:22 of 1st period - Jonathan Toews wins face-off versus Mika Zibanejad in Senators zone.
4:02 of 1st period - Shot by Cam Fowler.
4:02 of 1st period - Stopped by Carey Price without a rebound.
4:03 of 1st period - Patrik Elias wins face-off versus Pavel Datsyuk in Senators zone.
4:04 of 1st period - Shot by Chris Kunitz.
4:04 of 1st period - Shot Misses the Net.
4:30 of 1st period - Shot by Chris Kunitz.
4:30 of 1st period - Goal by Chris Kunitz - Canadiens : 1 - Senators : 0.
4:31 of 1st period - Saku Koivu wins face-off versus Sidney Crosby in neutral zone.
4:51 of 1st period - Shot by Gustav Nyquist.
4:51 of 1st period - Goal by Gustav Nyquist - Canadiens : 1 - Senators : 1.
4:52 of 1st period - Dave Bolland wins face-off versus Jordan Eberle in neutral zone.
5:10 of 1st period - Chris Kunitz is hit by Alec Martinez and loses puck.
5:14 of 1st period - Minor Penalty to Christian Ehrhoff for Slashing.
5:15 of 1st period - Jonathan Toews wins face-off versus Pavel Datsyuk in Senators zone.
5:30 of 1st period - Shot by Cam Fowler.
5:30 of 1st period - Stopped by Carey Price without a rebound.
5:31 of 1st period - Mika Zibanejad wins face-off versus Patrik Elias in Senators zone.
5:31 of 1st period - Mika Zibanejad is hit by Chris Kunitz.
6:01 of 1st period - Shot by Jordan Eberle.
6:01 of 1st period - Stopped by Carey Price without a rebound.
6:02 of 1st period - Pavel Datsyuk wins face-off versus Jonathan Toews in Senators zone.
7:13 of 1st period - Shot by Chris Kunitz.
7:13 of 1st period - Shot Misses the Net.
7:53 of 1st period - Shot by Gustav Nyquist.
7:53 of 1st period - Stopped by Al Montoya with a rebound.
7:55 of 1st period - Shot by Gustav Nyquist.
7:55 of 1st period - Goal by Gustav Nyquist - Canadiens : 1 - Senators : 2.
7:56 of 1st period - Dave Bolland wins face-off versus Jordan Eberle in neutral zone.
7:58 of 1st period - Off-side.
7:59 of 1st period - Matt Moulson wins face-off versus Patrik Elias in neutral zone.
8:12 of 1st period - Shot by Pavel Datsyuk.
8:12 of 1st period - Stopped by Al Montoya with a rebound.
8:14 of 1st period - Shot by Pavel Datsyuk.
8:14 of 1st period - Stopped by Al Montoya without a rebound.
8:15 of 1st period - Mika Zibanejad wins face-off versus Jonathan Toews in Canadiens zone.
8:58 of 1st period - Shot by Brooks Orpik.
8:58 of 1st period - Shot Misses the Net.
9:16 of 1st period - Shot by Patrik Elias.
9:16 of 1st period - Shot Misses the Net.
9:26 of 1st period - Off-side.
9:27 of 1st period - Nino Niederreiter wins face-off versus Dave Bolland in neutral zone.
9:46 of 1st period - Shot by Pavel Datsyuk.
9:46 of 1st period - Stopped by Al Montoya with a rebound.
9:48 of 1st period - Shot by Alec Martinez.
9:48 of 1st period - Shot Misses the Net.
10:55 of 1st period - Shot by Sidney Crosby.
10:55 of 1st period - Stopped by Al Montoya without a rebound.
10:56 of 1st period - Jonathan Toews wins face-off versus Mika Zibanejad in Canadiens zone.
11:00 of 1st period - Icing by Alexander Steen.
11:01 of 1st period - Mika Zibanejad wins face-off versus Jonathan Toews in Canadiens zone.
12:05 of 1st period - Jordan Eberle is hit by Brooks Orpik and loses puck.
12:12 of 1st period - Shot by Jordan Eberle.
12:12 of 1st period - Deflect By Patrik Elias.
12:12 of 1st period - Stopped by Carey Price without a rebound.
12:13 of 1st period - Sidney Crosby wins face-off versus Saku Koivu in Senators zone.
12:43 of 1st period - Shot by Martin Erat.
12:43 of 1st period - Stopped by Carey Price without a rebound.
12:44 of 1st period - Dave Bolland wins face-off versus Patrik Elias in Senators zone.
12:44 of 1st period - Dave Bolland is hit by Chris Kunitz.
12:55 of 1st period - Minor Penalty to Alexander Edler for Tripping.
12:56 of 1st period - Jonathan Toews wins face-off versus Sidney Crosby in Canadiens zone.
13:19 of 1st period - Shot by James Neal.
13:19 of 1st period - Stopped by Al Montoya without a rebound.
13:20 of 1st period - Dave Bolland wins face-off versus Jonathan Toews in Canadiens zone.
14:24 of 1st period - Icing by James Wisniewski.
14:25 of 1st period - Jonathan Toews wins face-off versus Dave Bolland in Senators zone.
15:07 of 1st period - Shot by Nino Niederreiter.
15:07 of 1st period - Deflect By Alexander Killorn.
15:07 of 1st period - Shot Misses the Net.
15:09 of 1st period - Shot by Alexander Killorn.
15:09 of 1st period - Stopped by Carey Price without a rebound.
15:10 of 1st period - Saku Koivu wins face-off versus Travis Moen in Senators zone.
15:35 of 1st period - Shot by Saku Koivu.
15:35 of 1st period - Shot Blocked by Travis Moen.
15:37 of 1st period - Shot by Saku Koivu.
15:37 of 1st period - Stopped by Carey Price without a rebound.
15:38 of 1st period - Sidney Crosby wins face-off versus Alexander Killorn in Senators zone.
15:38 of 1st period - Sidney Crosby is hit by Nino Niederreiter.
16:09 of 1st period - Icing by Pavel Datsyuk.
16:10 of 1st period - Sidney Crosby wins face-off versus Patrik Elias in Senators zone.
16:29 of 1st period - Shot by Jared Cowen.
16:29 of 1st period - Shot Blocked by Anton Volchenkov.
17:13 of 1st period - Jan Hejda is hit by Mason Raymond and loses puck.
17:20 of 1st period - Shot by Jonathan Toews.
17:20 of 1st period - Stopped by Carey Price without a rebound.
17:21 of 1st period - Saku Koivu wins face-off versus Dave Bolland in Senators zone.
18:09 of 1st period - Off-side.
18:10 of 1st period - Jonathan Toews wins face-off versus Gustav Nyquist in neutral zone.
18:20 of 1st period - Sidney Crosby is hit by Cam Fowler and loses puck.
18:41 of 1st period - Shot by Cam Fowler.
18:41 of 1st period - Shot Misses the Net.
18:45 of 1st period - Shot by Jonathan Toews.
18:45 of 1st period - Deflect By Alexander Steen.
18:45 of 1st period - Stopped by Carey Price without a rebound.
18:46 of 1st period - Patrik Elias wins face-off versus Mika Zibanejad in Senators zone.
19:03 of 1st period - Shot by Alex Chiasson.
19:03 of 1st period - Deflect By Mika Zibanejad.
19:03 of 1st period - Shot Misses the Net.
19:07 of 1st period - Shot by Mika Zibanejad.
19:07 of 1st period - Shot Misses the Net.
19:48 of 1st period - Cam Fowler is hit by Jared Cowen and loses puck.
Goals for this period are 1 for Canadiens vs 2 for Senators.
Shots for this period are 10 for Canadiens vs 12 for Senators.

2nd period


0:01 of 2nd period - Sidney Crosby wins face-off versus Jonathan Toews in neutral zone.
0:01 of 2nd period - James Wisniewski is hit by Mason Raymond and loses puck.
0:18 of 2nd period - Shot by Jonathan Toews.
0:18 of 2nd period - Shot Misses the Net.
0:20 of 2nd period - Shot by Cam Fowler.
0:20 of 2nd period - Shot Blocked by Jan Hejda.
0:24 of 2nd period - Shot by Cam Fowler.
0:24 of 2nd period - Stopped by Carey Price with a rebound.
0:46 of 2nd period - Shot by Sidney Crosby.
0:46 of 2nd period - Shot Misses the Net.
1:10 of 2nd period - Shot by Patrik Elias.
1:10 of 2nd period - Deflect By Chris Kunitz.
1:10 of 2nd period - Shot Blocked by Matt Moulson.
1:26 of 2nd period - Shot by Jordan Eberle.
1:26 of 2nd period - Stopped by Carey Price without a rebound.
1:27 of 2nd period - Mika Zibanejad wins face-off versus Alexander Killorn in Senators zone.
1:34 of 2nd period - Shot by Nino Niederreiter.
1:34 of 2nd period - Stopped by Carey Price without a rebound.
1:35 of 2nd period - Dave Bolland wins face-off versus Alexander Killorn in Senators zone.
1:35 of 2nd period - Dave Bolland is hit by Nino Niederreiter.
1:54 of 2nd period - Shot by Eric Gelinas.
1:54 of 2nd period - Shot Misses the Net.
2:14 of 2nd period - Shot by Dave Bolland.
2:14 of 2nd period - Shot Hit the Post.
2:25 of 2nd period - Icing by Alec Martinez.
2:26 of 2nd period - Jonathan Toews wins face-off versus Dave Bolland in Senators zone.
3:02 of 2nd period - Off-side.
3:03 of 2nd period - Patrik Elias wins face-off versus Sidney Crosby in neutral zone.
3:03 of 2nd period - Patrik Elias is hit by Sidney Crosby.
3:04 of 2nd period - Patrik Elias from Canadiens is injured at 3:04 of 2nd period (Sore Right Knee).
3:05 of 2nd period - Alexander Steen wins face-off versus Sidney Crosby in neutral zone.
3:28 of 2nd period - Shot by Jordan Eberle.
3:28 of 2nd period - Stopped by Carey Price without a rebound.
3:29 of 2nd period - Saku Koivu wins face-off versus Alex Chiasson in Senators zone.
4:08 of 2nd period - Shot by Joffrey Lupul.
4:08 of 2nd period - Shot Misses the Net.
4:31 of 2nd period - Icing by James Wisniewski.
4:32 of 2nd period - Sidney Crosby wins face-off versus Jonathan Toews in Senators zone.
4:43 of 2nd period - Shot by Sidney Crosby.
4:43 of 2nd period - Stopped by Al Montoya with a rebound.
4:51 of 2nd period - Gustav Nyquist is hit by Alexander Steen and loses puck.
5:19 of 2nd period - Minor Penalty to James Wisniewski for Hooking.
5:20 of 2nd period - Alexander Killorn wins face-off versus Pavel Datsyuk in Senators zone.
5:27 of 2nd period - Shot by Chris Kunitz.
5:27 of 2nd period - Stopped by Carey Price without a rebound.
5:28 of 2nd period - Alexander Killorn wins face-off versus Mika Zibanejad in Senators zone.
5:29 of 2nd period - Shot by Duncan Keith.
5:29 of 2nd period - Stopped by Carey Price without a rebound.
5:30 of 2nd period - Alexander Killorn wins face-off versus Pavel Datsyuk in Senators zone.
6:07 of 2nd period - Shot by Chris Kunitz.
6:07 of 2nd period - Shot Misses the Net.
6:52 of 2nd period - Shot by Alexander Steen.
6:52 of 2nd period - Shot Blocked by Pavel Datsyuk.
7:04 of 2nd period - Shot by Travis Moen.
7:04 of 2nd period - Stopped by Al Montoya with a rebound.
7:10 of 2nd period - Shot by Dave Bolland.
7:10 of 2nd period - Stopped by Al Montoya without a rebound.
7:11 of 2nd period - Alexander Killorn wins face-off versus Pavel Datsyuk in Canadiens zone.
7:38 of 2nd period - Shot by Saku Koivu.
7:38 of 2nd period - Stopped by Carey Price without a rebound.
7:39 of 2nd period - Dave Bolland wins face-off versus Alexander Killorn in Senators zone.
7:47 of 2nd period - Off-side.
7:48 of 2nd period - Sidney Crosby wins face-off versus Alexander Steen in neutral zone.
7:48 of 2nd period - James Neal is hit by Chris Kunitz and loses puck.
8:15 of 2nd period - Shot by Jordan Eberle.
8:15 of 2nd period - Stopped by Carey Price without a rebound.
8:16 of 2nd period - Dave Bolland wins face-off versus Alexander Killorn in Senators zone.
8:16 of 2nd period - Pavel Datsyuk is hit by Alexander Killorn and loses puck.
8:28 of 2nd period - Minor Penalty to Cam Fowler for Roughing.
8:29 of 2nd period - Sidney Crosby wins face-off versus Jonathan Toews in Canadiens zone.
9:21 of 2nd period - Icing by Christian Ehrhoff.
9:22 of 2nd period - Jonathan Toews wins face-off versus Sidney Crosby in Senators zone.
9:39 of 2nd period - Shot by Dave Bolland.
9:39 of 2nd period - Stopped by Al Montoya with a rebound.
9:41 of 2nd period - Shot by Alec Martinez.
9:41 of 2nd period - Shot Misses the Net.
9:43 of 2nd period - Shot by Joffrey Lupul.
9:43 of 2nd period - Deflect By Gustav Nyquist.
9:43 of 2nd period - Shot Misses the Net.
9:45 of 2nd period - Shot by Dave Bolland.
9:45 of 2nd period - Shot Hit the Post.
11:21 of 2nd period - Off-side.
11:22 of 2nd period - Sidney Crosby wins face-off versus Alexander Steen in neutral zone.
11:51 of 2nd period - Shot by James Neal.
11:51 of 2nd period - Stopped by Al Montoya without a rebound.
11:52 of 2nd period - Saku Koivu wins face-off versus Matt Moulson in Canadiens zone.
12:03 of 2nd period - Icing by Christian Ehrhoff.
12:04 of 2nd period - Mason Raymond wins face-off versus Dave Bolland in Senators zone.
12:38 of 2nd period - Shot by Dave Bolland.
12:38 of 2nd period - Stopped by Al Montoya without a rebound.
12:39 of 2nd period - Sidney Crosby wins face-off versus Alexander Killorn in Canadiens zone.
12:42 of 2nd period - Shot by James Neal.
12:42 of 2nd period - Stopped by Al Montoya with a rebound.
12:44 of 2nd period - Shot by Sidney Crosby.
12:44 of 2nd period - Shot Misses the Net.
12:46 of 2nd period - Shot by Sidney Crosby.
12:46 of 2nd period - Stopped by Al Montoya without a rebound.
12:47 of 2nd period - Alexander Steen wins face-off versus Sidney Crosby in Canadiens zone.
12:47 of 2nd period - Jordan Eberle is hit by James Neal and loses puck.
12:53 of 2nd period - Off-side.
12:54 of 2nd period - Sidney Crosby wins face-off versus Alexander Steen in neutral zone.
13:07 of 2nd period - Shot by Gustav Nyquist.
13:07 of 2nd period - Deflect By Sidney Crosby.
13:07 of 2nd period - Stopped by Al Montoya without a rebound.
13:08 of 2nd period - Dave Bolland wins face-off versus Alexander Killorn in Canadiens zone.
13:26 of 2nd period - Alexander Killorn is hit by Alec Martinez and loses puck.
14:16 of 2nd period - Alec Martinez is hit by Anton Volchenkov and loses puck.
14:22 of 2nd period - Off-side.
14:23 of 2nd period - Alexander Steen wins face-off versus Gustav Nyquist in neutral zone.
14:28 of 2nd period - Shot by Chris Kunitz.
14:28 of 2nd period - Stopped by Carey Price without a rebound.
14:29 of 2nd period - Sidney Crosby wins face-off versus Alexander Steen in Senators zone.
14:29 of 2nd period - James Neal is hit by Chris Kunitz and loses puck.
14:36 of 2nd period - Shot by Chris Kunitz.
14:36 of 2nd period - Shot Misses the Net.
14:38 of 2nd period - Shot by Alexander Edler.
14:38 of 2nd period - Shot Misses the Net.
15:16 of 2nd period - Icing by Alexander Edler.
15:17 of 2nd period - Mika Zibanejad wins face-off versus Alexander Steen in Canadiens zone.
15:25 of 2nd period - Minor Penalty to Anton Volchenkov for Diving.
15:26 of 2nd period - Jonathan Toews wins face-off versus Dave Bolland in Canadiens zone.
15:26 of 2nd period - Jonathan Toews is hit by Joffrey Lupul.
15:35 of 2nd period - Off-side.
15:36 of 2nd period - Sidney Crosby wins face-off versus Chris Kunitz in neutral zone.
15:47 of 2nd period - Shot by James Neal.
15:47 of 2nd period - Shot Blocked by Cam Fowler.
16:54 of 2nd period - Shot by Alec Martinez.
16:54 of 2nd period - Stopped by Al Montoya without a rebound.
16:55 of 2nd period - Jonathan Toews wins face-off versus Dave Bolland in Canadiens zone.
17:08 of 2nd period - Shot by Gustav Nyquist.
17:08 of 2nd period - Shot Misses the Net.
17:10 of 2nd period - Shot by Alec Martinez.
17:10 of 2nd period - Shot Misses the Net.
17:12 of 2nd period - Shot by James Wisniewski.
17:12 of 2nd period - Stopped by Al Montoya with a rebound.
17:43 of 2nd period - Off-side.
17:44 of 2nd period - Pavel Datsyuk wins face-off versus Alexander Killorn in neutral zone.
17:44 of 2nd period - Pavel Datsyuk is hit by Alexander Killorn.
17:50 of 2nd period - Shot by James Wisniewski.
17:50 of 2nd period - Shot Misses the Net.
18:07 of 2nd period - Minor Penalty to Jan Hejda for Roughing.
18:08 of 2nd period - Mika Zibanejad wins face-off versus Jonathan Toews in Senators zone.
18:23 of 2nd period - Shot by Cam Fowler.
18:23 of 2nd period - Shot Blocked by Jared Cowen.
18:35 of 2nd period - Shot by Cam Fowler.
18:35 of 2nd period - Stopped by Carey Price without a rebound.
18:36 of 2nd period - Pavel Datsyuk wins face-off versus Alexander Killorn in Senators zone.
18:49 of 2nd period - Shot by Chris Kunitz.
18:49 of 2nd period - Shot Misses the Net.
18:59 of 2nd period - Shot by Jordan Eberle.
18:59 of 2nd period - Shot Blocked by Alec Martinez.
19:01 of 2nd period - Shot by Eric Gelinas.
19:01 of 2nd period - Stopped by Carey Price with a rebound.
19:03 of 2nd period - Shot by Alexander Edler.
19:03 of 2nd period - Shot Misses the Net.
19:05 of 2nd period - Shot by Alexander Edler.
19:05 of 2nd period - Shot Misses the Net.
19:07 of 2nd period - Shot by Alexander Edler.
19:07 of 2nd period - Shot Misses the Net.
19:09 of 2nd period - Shot by Eric Gelinas.
19:09 of 2nd period - Stopped by Carey Price without a rebound.
19:10 of 2nd period - Jonathan Toews wins face-off versus Mika Zibanejad in Senators zone.
19:37 of 2nd period - Shot by Cam Fowler.
19:37 of 2nd period - Stopped by Carey Price without a rebound.
19:38 of 2nd period - Alexander Killorn wins face-off versus Pavel Datsyuk in Senators zone.
19:57 of 2nd period - Shot by Chris Kunitz.
19:57 of 2nd period - Stopped by Carey Price without a rebound.
19:58 of 2nd period - Jonathan Toews wins face-off versus Mika Zibanejad in Senators zone.
Goals for this period are 0 for Canadiens vs 0 for Senators.
Shots for this period are 14 for Canadiens vs 11 for Senators.

3rd period


0:01 of 3rd period - Jonathan Toews wins face-off versus Mika Zibanejad in neutral zone.
1:02 of 3rd period - Jordan Eberle is hit by Alec Martinez and loses puck.
2:02 of 3rd period - Matt Moulson is hit by Nino Niederreiter and loses puck.
2:16 of 3rd period - Nino Niederreiter is hit by Alec Martinez and loses puck.
2:47 of 3rd period - Mika Zibanejad is hit by Radko Gudas and loses puck.
2:52 of 3rd period - Shot by Joffrey Lupul.
2:52 of 3rd period - Shot Misses the Net.
2:54 of 3rd period - Shot by Jan Hejda.
2:54 of 3rd period - Stopped by Al Montoya without a rebound.
2:55 of 3rd period - Alexander Steen wins face-off versus Sidney Crosby in Canadiens zone.
3:06 of 3rd period - Shot by Jordan Eberle.
3:06 of 3rd period - Goal by Jordan Eberle - Canadiens : 2 - Senators : 2.
3:07 of 3rd period - Jonathan Toews wins face-off versus Mika Zibanejad in neutral zone.
3:10 of 3rd period - Joffrey Lupul is hit by Jonathan Toews and loses puck.
3:59 of 3rd period - Duncan Keith is hit by Joffrey Lupul and loses puck.
4:21 of 3rd period - Off-side.
4:22 of 3rd period - Alexander Killorn wins face-off versus Sidney Crosby in neutral zone.
4:38 of 3rd period - Icing by Alexander Edler.
4:39 of 3rd period - Alexander Killorn wins face-off versus Dave Bolland in Canadiens zone.
4:41 of 3rd period - Icing by Jordan Eberle.
4:42 of 3rd period - Sidney Crosby wins face-off versus Alexander Killorn in Canadiens zone.
4:49 of 3rd period - Gustav Nyquist is hit by Chris Kunitz and loses puck.
5:13 of 3rd period - Alexander Edler is hit by Jared Cowen and loses puck.
5:27 of 3rd period - Shot by Alexander Edler.
5:27 of 3rd period - Shot Misses the Net.
5:57 of 3rd period - Shot by Jonathan Toews.
5:57 of 3rd period - Stopped by Carey Price without a rebound.
5:58 of 3rd period - Dave Bolland wins face-off versus Saku Koivu in Senators zone.
7:27 of 3rd period - Icing by Alexander Steen.
7:28 of 3rd period - Mark Stone wins face-off versus Jonathan Toews in Canadiens zone.
7:29 of 3rd period - Shot by Travis Moen.
7:29 of 3rd period - Stopped by Al Montoya with a rebound.
8:18 of 3rd period - Icing by Erik Gustafsson.
8:19 of 3rd period - Mika Zibanejad wins face-off versus Saku Koivu in Senators zone.
8:42 of 3rd period - Shot by Brenden Morrow.
8:42 of 3rd period - Stopped by Carey Price without a rebound.
8:43 of 3rd period - Sidney Crosby wins face-off versus Alexander Steen in Senators zone.
8:43 of 3rd period - Sidney Crosby is hit by Chris Kunitz.
8:57 of 3rd period - Shot by Jordan Eberle.
8:57 of 3rd period - Shot Blocked by James Wisniewski.
10:26 of 3rd period - James Neal is hit by Brenden Morrow and loses puck.
10:35 of 3rd period - Shot by Martin Erat.
10:35 of 3rd period - Shot Blocked by James Wisniewski.
10:37 of 3rd period - Shot by Martin Erat.
10:37 of 3rd period - Stopped by Carey Price without a rebound.
10:38 of 3rd period - Alexander Steen wins face-off versus Dave Bolland in Senators zone.
10:39 of 3rd period - Shot by Jordan Eberle.
10:39 of 3rd period - Stopped by Carey Price with a rebound.
10:49 of 3rd period - Shot by Chris Kunitz.
10:49 of 3rd period - Stopped by Carey Price with a rebound.
10:51 of 3rd period - Shot by Anton Volchenkov.
10:51 of 3rd period - Stopped by Carey Price with a rebound.
10:58 of 3rd period - Alexander Steen is hit by Alec Martinez and loses puck.
11:01 of 3rd period - Shot by Jordan Eberle.
11:01 of 3rd period - Stopped by Carey Price with a rebound.
11:03 of 3rd period - Shot by Chris Kunitz.
11:03 of 3rd period - Shot Misses the Net.
11:05 of 3rd period - Shot by Alexander Edler.
11:05 of 3rd period - Shot Misses the Net.
11:21 of 3rd period - Shot by Pavel Datsyuk.
11:21 of 3rd period - Shot Misses the Net.
12:06 of 3rd period - Saku Koivu is hit by Brooks Orpik and loses puck.
12:38 of 3rd period - Alexander Killorn is hit by Brooks Orpik and loses puck.
13:41 of 3rd period - Shot by Pavel Datsyuk.
13:41 of 3rd period - Stopped by Al Montoya without a rebound.
13:42 of 3rd period - Sidney Crosby wins face-off versus Saku Koivu in Canadiens zone.
13:42 of 3rd period - Sidney Crosby is hit by Radko Gudas.
13:45 of 3rd period - Minor Penalty to Radko Gudas for Hooking.
13:46 of 3rd period - Jonathan Toews wins face-off versus James Neal in Canadiens zone.
16:51 of 3rd period - Shot by Sidney Crosby.
16:51 of 3rd period - Shot Blocked by Cam Fowler.
17:04 of 3rd period - Cam Fowler is hit by Sidney Crosby and loses puck.
17:08 of 3rd period - Off-side.
17:09 of 3rd period - Dave Bolland wins face-off versus Jonathan Toews in neutral zone.
17:15 of 3rd period - Mason Raymond is hit by Alec Martinez.
17:25 of 3rd period - Shot by Pavel Datsyuk.
17:25 of 3rd period - Shot Misses the Net.
17:56 of 3rd period - Icing by Sidney Crosby.
17:57 of 3rd period - Sidney Crosby wins face-off versus Alexander Killorn in Senators zone.
17:57 of 3rd period - Sidney Crosby is hit by Chris Kunitz.
18:03 of 3rd period - Shot by Eric Gelinas.
18:03 of 3rd period - Shot Misses the Net.
18:05 of 3rd period - Shot by Jordan Eberle.
18:05 of 3rd period - Stopped by Carey Price with a rebound.
18:07 of 3rd period - Shot by Jordan Eberle.
18:07 of 3rd period - Stopped by Carey Price without a rebound.
18:08 of 3rd period - Mika Zibanejad wins face-off versus Alexander Steen in Senators zone.
18:29 of 3rd period - Shot by Mika Zibanejad.
18:29 of 3rd period - Stopped by Al Montoya without a rebound.
18:30 of 3rd period - Sidney Crosby wins face-off versus Alexander Killorn in Canadiens zone.
18:31 of 3rd period - Shot by James Neal.
18:31 of 3rd period - Stopped by Al Montoya without a rebound.
18:32 of 3rd period - Alexander Steen wins face-off versus Sidney Crosby in Canadiens zone.
18:49 of 3rd period - Icing by Jan Hejda.
18:50 of 3rd period - Sidney Crosby wins face-off versus Alexander Killorn in Senators zone.
18:52 of 3rd period - Icing by James Wisniewski.
18:53 of 3rd period - Chris Kunitz wins face-off versus Sidney Crosby in Senators zone.
Goals for this period are 1 for Canadiens vs 0 for Senators.
Shots for this period are 10 for Canadiens vs 5 for Senators.

Overtime #1


0:01 of 1st overtime period - Dave Bolland wins face-off versus Jonathan Toews in neutral zone.
0:12 of 1st overtime period - Shot by Jordan Eberle.
0:12 of 1st overtime period - Goal by Jordan Eberle - Canadiens : 3 - Senators : 2.
Goals for this period are 1 for Canadiens vs 0 for Senators.
Shots for this period are 1 for Canadiens vs 0 for Senators.


Output by the SimonT Hockey Simulator (STHS) for Stephane Roy -- Original Page W3C XHTML 1.0 Valid
Hockey Simulator - Hockey Simulation - Hockey Manager